 Dungeon Crawl Stone Soup version 0.31.0-32-g396128a36d (webtiles) character file.

Game seed: 17260046630675400070

30 Jinxx the Chiller (level 3, 0/24 HPs)
             Began as a Demonspawn Ice Elementalist on Apr 6, 2024.
             Slain by a gnoll
             ... wielding a +0 halberd
              (9 damage)
             ... on level 2 of the Dungeon.
             The game lasted 00:02:47 (1820 turns).

Jinxx the Chiller (Demonspawn Ice Elementalist)     Turns: 1820, Time: 00:02:48

Health: 0/24       AC:  4    Str:  8    XL:     3   Next: 5%
Magic:  3/6        EV: 12    Int: 17    God:
Gold:   59         SH:  0    Dex: 13    Spells: 2/6 levels left

rFire   . . .        k - +2 dagger (flame)
rCold   . . .        (no shield)
rNeg    . . .        a - +0 robe
rPois   .            (no helmet)
rElec   .            (no cloak)
rCorr   .            (no gloves)
SInv    .            (no boots)
Will    .....        (no amulet)
Stlth   ++           (no ring)
HPRegen 0.24/turn    (no ring)
MPRegen 0.10/turn

%: no passive effects
@: freezing walls
A: icy blue scales 1
a: no special abilities


You were on level 2 of the Dungeon.
You visited 1 branch of the dungeon, and saw 2 of its levels.

You collected 59 gold pieces.

Inventory:

Hand Weapons
 f - a +0 dagger
 k - a +2 dagger of flaming (weapon)
Missiles
 e - 6 poisoned darts
Armour
 a - a +0 robe (worn)
Scrolls
 c - a scroll of revelation {unknown}
 d - a scroll of teleportation {unknown}
 g - 3 scrolls of identify {unknown}
 i - 2 scrolls of enchant weapon {unknown}
 j - a scroll of silence {unknown}
Potions
 b - a potion of magic
 h - 2 potions of curing {unknown}
 l - 2 potions of degeneration {unknown}


   Skills:
 * Level 0.1 Armour
 * Level 1.8 Dodging
 - Level 2.0 Stealth
 * Level 2.3 Spellcasting
 * Level 4.2 Ice Magic


You had 2 spell levels left.
You knew the following spells:

 Your Spells              Type           Power      Damage    Failure   Level
a - Freeze                Ice            64%        1d7       3%          1
b - Frozen Ramparts       Ice            32%        1d5       10%         3

Your spell library contained the following spells:

 Spells                   Type           Power      Damage    Failure   Level
 Ozocubu's Armour         Ice            16%        N/A       10%         3
 Summon Ice Beast         Ice/Summ       9%         N/A       24%         3


Dungeon Overview and Level Annotations

Branches:
Dungeon (2/15)

Altars:


Innate Abilities, Weirdness & Mutations

You are partially covered in icy blue scales. (AC +2)


Message History

There is a stone staircase leading down here.
You start resting.
Your magical contamination has completely faded away.
You start resting.
Magic restored.
You start resting.
HP restored.
There is a stone staircase leading down here.
You climb downwards.
There is a stone staircase leading up here.
Casting: Frozen Ramparts (quite dangerous; 10% risk of failure)
Confirm with . or Enter, or press ? or * to list all spells.
Casting: Frozen Ramparts (quite dangerous; 10% risk of failure)
Press: ? - help, Dir - look around, f - activate A stone staircase leading up.
The walls around you are covered in ice.
The wall freezes the gnoll but does no damage.
The gnoll closely misses you.
The wall freezes the gnoll.
The gnoll barely misses you.
You hit the gnoll but do no damage.
The wall freezes the gnoll but does no damage.
The gnoll closely misses you.
A rat comes into view.
The wall freezes the gnoll.
The gnoll hits you with a +0 club.
The wall freezes the gnoll.
The gnoll misses you.
You hit the gnoll. You burn the gnoll.
The gnoll is moderately wounded.
The wall freezes the gnoll.
The gnoll barely misses you.
The wall freezes the gnoll.
The gnoll barely misses you.
You barely miss the gnoll.
The gnoll is severely wounded.
The wall freezes the gnoll but does no damage.
The gnoll hits you with a +0 halberd!
Ouch! That really hurt!
The wall freezes the gnoll.
The gnoll hits you with a +0 club.
The wall freezes the gnoll.
The gnoll closely misses you.
You barely miss the gnoll.
The gnoll is heavily wounded.
The wall freezes the gnoll.
The gnoll hits you with a +0 halberd!
You die... ...# ...# # # ...# .#.# ...# ##... ...# .rg

..## ####.#.#..# ..#
+..g......# ..##
##g#####.##
...#######.#.#.#@g##.##.#
#.<........#.........##.#
#....#####.#...#.###.##.#
#.#......#
#.#.#.....##'########
#.#...#.....
#.#####...........#
..#.#....#.
♣.♣♣..............#
###.##>....
♣♣~P♣###...........# #.#
##.#. ♣P~♣ #...........#
#.# .# ♣♣.♣♣
#...........#


You could see 4 gnolls and a rat.

Vanquished Creatures
  3 dart slugs
  2 endoplasms (D:2)
  4 giant cockroaches
  2 hobgoblins (D:1)
  A kobold (D:1)
  A quokka (D:1)
  A ball python (D:1)
  3 bats
  A frilled lizard (D:2)
  2 goblins
  3 rats (D:1)
23 creatures vanquished.

Notes
Turn   | Place    | Note
-------+----------+-------------------------------------------
     0 | D:1      | Jinxx the Demonspawn Ice Elementalist began the quest for
                  | the Orb.
     0 | D:1      | Reached XP level 1. HP: 13/13 MP: 3/3
   507 | D:1      | Gained mutation: You are partially covered in icy blue
                  | scales. (AC +2) [demonic ancestry]
   507 | D:1      | Reached XP level 2. HP: 19/19 MP: 0/5
   603 | D:1      | Reached skill level 4 in Ice Magic
  1484 | D:2      | Reached XP level 3. HP: 14/24 MP: 2/6
  1488 | D:2      | Learned a level 3 spell: Frozen Ramparts
  1820 | D:2      | Slain by a gnoll

Illustrated notes

Levels and vault maps discovered:
D:1:      pf_arrival_petrified_forest, layout_basic, corexii_hall_statues_x
D:2:      layout_basic, basic_altar, serial_bayou_crossing

Skill      XL: |  1  2 |
---------------+-------+-----
Ice Magic      | 4 |  4.2
Stealth        | 2 |  2.0
Armour         | |  0.1
Dodging        | |  1.8
Spellcasting   | |  2.3

Action                     || total
---------------------------++-------
  Melee: Unarmed           ||     7
         Dagger            ||    61
   Cast: Freeze            ||    23
         Frozen Ramparts   ||     1
   Stab: Sleeping          ||     4
 Armour: Robe              ||    46
  Dodge: Dodged            ||    68
